[Event "Early-Titled-Tuesday-Blitz-January-30-2024"]
[Site "Chess.com"]
[Date "2024.01.30"]
[Round "1"]
[White "BelyakovBogdan"]
[Black "FGHSMN"]
[Result "1-0"]
[WhiteElo "2517"]
[BlackElo "2887"]
[TimeControl "180+1"]
[EndTime "8:05:38 PST"]
[Termination "BelyakovBogdan won by checkmate"]

1. e4 e5 2. Nf3 Nc6 3. Nc3 Nf6 4. Bb5 Bc5 5. O-O d6 6. d4 exd4 7. Nxd4 Bd7 8. Nf5 O-O 9. Bg5 h6 10. Bh4 Ne5 11. Nd5 Bxb5 12. Bxf6 Qd7 13. Qh5 Rfe8 14. Nxh6+ Kf8 15. Nf5 Qxf5 16. Qh8# 1-0

[Event "Early-Titled-Tuesday-Blitz-January-30-2024"]
[Site "Chess.com"]
[Date "2024.01.30"]
[Round "1"]
[White "Barmen_EV"]
[Black "adotand"]
[Result "0-1"]
[WhiteElo "2469"]
[BlackElo "2844"]
[TimeControl "180+1"]
[EndTime "8:05:40 PST"]
[Termination "adotand won by checkmate"]

1. e4 c5 2. c3 d5 3. exd5 Qxd5 4. d4 g6 5. Nf3 Bg7 6. Be3 cxd4 7. cxd4 Nh6 8. Nc3 Qd8 9. Bc4 O-O 10. O-O Nf5 11.
Re1 Nc6 12. Qd2 Nd6 13. Bf1 Bg4 14. Be2 Rc8 15. Rad1 Qa5 16. h3 Bxf3 17. Bxf3 Nc4 18. Qe2 Nxe3 19. fxe3 e6 20. Qb5 Qc7 21. Ne4 a6 22.
Qa4 Rfd8 23. Kh1 Ne7 24. Nc5 b6 25. Nxa6 Qg3 26. Nb4 Nf5 27. Nc6 Re8 28. e4 Nh4 29. Rf1 Bh6 30. e5 Bf4 31. Kg1 Qh2+ 32. Kf2 Nxf3 33.
Nb4 Qg3+ 34. Ke2 Nxd4+ 35. Rxd4 Qe3+ 36. Kd1 Rc1# 0-1

[Event "Early-Titled-Tuesday-Blitz-January-30-2024"]
[Site "Chess.com"]
[Date "2024.01.30"]
[Round "1"]
[White "vladoboch"]
[Black "monomita"]
[Result "1-0"]
[WhiteElo "2460"]
[BlackElo "2782"]
[TimeControl "180+1"]
[EndTime "8:05:41 PST"]
[Termination "vladoboch won by resignation"]

1. e4 c5 2. Nf3 d6 3. d4 Nf6 4. Nc3 cxd4 5. Nxd4 a6 6. Be3 Ng4 7. Bc1 Nc6 8. Nxc6 bxc6 9. f3 Nf6 10. Be3 e5 11. Bc4 Be6 12. Qe2 d5 13. exd5 cxd5 14. O-O-O Qa5 15. Bb3 d4 16. Bxd4 exd4 17. Bxe6 fxe6 18.
Qxe6+ Be7 19. Rhe1 Qc7 20. Rxd4 Kf8 21. Nd5 Nxd5 22. Rxd5 Rd8 23. Rf5+ Ke8 24. Qf7+ Kd7 25. Rxe7+ 1-0

[Event "Early-Titled-Tuesday-Blitz-January-30-2024"]
[Site "Chess.com"]
[Date "2024.01.30"]
[Round "1"]
[White "KarstenHansch"]
[Black "BogdanDeac"]
[Result "0-1"]
[WhiteElo "2541"]
[BlackElo "3090"]
[TimeControl "180+1"]
[EndTime "8:05:42 PST"]
[Termination "BogdanDeac won by resignation"]

1. e4 c6 2. Nf3 d5 3. Nc3 Bg4 4. h3 Bh5 5. exd5 cxd5 6. g4 Bg6 7. d4 Nc6 8. Ne5 e6 9. h4 f6 10. Nxg6 hxg6 11. Qd3 f5 12. h5 Nf6 13. Bg5 Be7 14.
Bxf6 Bxf6 15. O-O-O Bxd4 16. Nb5 Bb6 17. Bg2 Qg5+ 18.
Kb1 O-O-O 19. hxg6 Rxh1 20. Bxh1 Qxg4 21. Re1 Bxf2 22.
Rf1 Bb6 0-1

[Event "Early-Titled-Tuesday-Blitz-January-30-2024"]
[Site "Chess.com"]
[Date "2024.01.30"]
[Round "1"]
[White "Mihajlovskij"]
[Black "sergeikim"]
[Result "0-1"]
[WhiteElo "2211"]
[BlackElo "2592"]
[TimeControl "180+1"]
[EndTime "8:05:43 PST"]
[Termination "sergeikim won by resignation"]

1. e4 e5 2. d4 exd4 3. Qxd4 Nc6 4. Qe3 Nf6 5. Be2 Bb4+ 6. c3 Ba5 7. e5 Nd5 8. Qg3 Qe7 9. Nf3 f6 10. exf6 Nxf6 11.
O-O O-O 12. Re1 d5 13. Bg5 Qf7 14. Bxf6 Qxf6 15. Na3 Bb6 16. Rad1 Be6 17. Nc2 Rae8 18. Ncd4 Nxd4 19. Nxd4 Bd7 20. Bf3 c6 21. Nb3 Qf4 22. Qxf4 Rxf4 23. Rxe8+ Bxe8 24. Re1 Kf8 25. Nd2 g5 26. g3 Rf6 27. Re2 h5 28. h3 Bg6 29.
Kg2 Bd3 30. Re5 g4 31. hxg4 hxg4 32. Bxg4 Rxf2+ 33. Kh3 Rxd2 34. Bc8 Bc7 35. Rh5 Rxb2 36. Rh7 Bxh7 0-1

[Event "Early-Titled-Tuesday-Blitz-January-30-2024"]
[Site "Chess.com"]
[Date "2024.01.30"]
[Round "1"]
[White "ChessArchitect64"]
[Black "Siemba"]
[Result "1-0"]
[WhiteElo "2166"]
[BlackElo "2560"]
[TimeControl "180+1"]
[EndTime "8:05:44 PST"]
[Termination "ChessArchitect64 won by resignation"]

1. d4 Nf6 2. c4 g6 3. Nc3 Bg7 4. e4 d6 5. f3 O-O 6. Nge2 c5 7. Be3 Nc6 8. Qd2 Qa5 9. d5 Ne5 10. Nc1 a6 11. Be2 e6 12. O-O exd5 13. Nxd5 Nxd5 14. Qxa5 Nxe3 15. Rf2 N5xc4 16. Bxc4 Nxc4 17. Qe1 b5 18. Nd3 Bb7 19. Rc1 Rfe8 20. b3 Ne5 21. Nxe5 Bxe5 22.
Re2 Rad8 23. Kh1 Kg7 24. Rd1 g5 25. g3 h6 26. Kg2 Rf8 27. h3 f5 28. exf5 Rde8 29.
g4 Rc8 30. Rxe5 dxe5 31. Rd7+ Kf6 32. Rxb7 Rfd8 33. Rb6+ Kf7 34. Qxe5 Rd2+ 35. Kg3 Rcd8 36. Rb7+ Kf8 37. Qe7+ 1-0

[Event "Early-Titled-Tuesday-Blitz-January-30-2024"]
[Site "Chess.com"]
[Date "2024.01.30"]
[Round "1"]
[White "AlmasRakhmatullaev"]
[Black "Shushik"]
[Result "1-0"]
[WhiteElo "2953"]
[BlackElo "2516"]
[TimeControl "180+1"]
[EndTime "8:05:49 PST"]
[Termination "AlmasRakhmatullaev won by resignation"]

1. e4 e5 2. Nf3 Nc6 3. Bc4 Bc5 4. c3 Nf6 5. d4 exd4 6. cxd4 Bb4+ 7. Nbd2 d5 8. exd5 Nxd5 9. O-O O-O 10. a3 Be7 11. Re1 Be6 12. Ne4 Ne3 13. Bxe3 Bxc4 14.
Rc1 Be6 15. b4 a6 16. Qd2 Qd5 17. Nc3 Qh5 18. Bf4 Bf6 19. Ne4 Bd8 20. Rc5 Qg6 21. d5 Bf5 22. Ng3 Nb8 23. Bxc7 Bxc7 24. Rxc7 Qb6 25. Ree7 Bg6 26. Rxb7 Qf6 27. h4 h5 28. Qd4 Qd6 29. Qe5 Qd8 30. Ng5 a5 31. Ne6 1-0

[Event "Early-Titled-Tuesday-Blitz-January-30-2024"]
[Site "Chess.com"]
[Date "2024.01.30"]
[Round "1"]
[White "ural58"]
[Black "MyDream003"]
[Result "0-1"]
[WhiteElo "2462"]
[BlackElo "2818"]
[TimeControl "180+1"]
[EndTime "8:05:51 PST"]
[Termination "MyDream003 won by resignation"]

1. e4 c6 2. Nc3 d5 3. Nf3 Bg4 4. h3 Bxf3 5. Qxf3 e6 6. b3 g6 7. exd5 cxd5 8. Bb5+ Nc6 9. O-O Bg7 10. Ba3 Ne7 11. Rae1 O-O 12. Bxc6 bxc6 13. Na4 Re8 14. c3 Nf5 15. d4 e5 16. dxe5 Bxe5 17. Bc5 Qd7 18.
Qd3 Re6 19. f4 Bf6 20. Rxe6 Qxe6 21. g4 Nh4 22. Bf2 h6 23. f5 Qd6 24. Bg3 Qe7 25. Re1 Qf8 26. fxg6 Nxg6 27. Rf1 Bg7 28. h4 Re8 29. h5 Ne5 30. Bxe5 Rxe5 31. Qf3 Qe7 32. b4 Re3 33. Qf5 Rg3+ 0-1

[Event "Early-Titled-Tuesday-Blitz-January-30-2024"]
[Site "Chess.com"]
[Date "2024.01.30"]
[Round "1"]
[White "leschebaza"]
[Black "djano"]
[Result "0-1"]
[WhiteElo "2388"]
[BlackElo "2711"]
[TimeControl "180+1"]
[EndTime "8:05:51 PST"]
[Termination "djano won by checkmate"]

1. Nf3 c5 2. c4 g6 3. g3 Bg7 4. Bg2 Nc6 5. O-O d6 6. d3 e6 7. Nc3 Nge7 8. Rb1 O-O 9. a3 a5 10.
e4 h6 11. Re1 Kh7 12. Be3 e5 13. Nd5 a4 14. b3 axb3 15. Rxb3 Nxd5 16. cxd5 Nd4 17.
Bxd4 cxd4 18. Nd2 f5 19. Nc4 f4 20. Bf3 fxg3 21. hxg3 Qf6 22. Kg2 g5 23. Rf1 Ra7 24. Rb6 Ra6 25. Bg4 Bxg4 26. Qxg4 Rxb6 27. Nxb6 Qd8 28. Nc4 b5 29. Nd2 Qa5 30. Nf3 Qxa3 31. Rh1 Kg8 32. Qe6+ Rf7 33. Qg6 Qxd3 34. Nh2 Qe2 35.
Ra1 Rxf2+ 36. Kg1 Rg2+ 37. Kh1 Rxh2+ 38. Kg1 Qg2# 0-1

[Event "Early-Titled-Tuesday-Blitz-January-30-2024"]
[Site "Chess.com"]
[Date "2024.01.30"]
[Round "1"]
[White "OneTrickPony_82"]
[Black "Jospem"]
[Result "0-1"]
[WhiteElo "2535"]
[BlackElo "3047"]
[TimeControl "180+1"]
[EndTime "8:05:52 PST"]
[Termination "Jospem won by resignation"]

1. d4 Nf6 2. c4 e6 3. Nf3 Bb4+ 4. Bd2 c5 5. Bxb4 cxb4 6. e3 b6 7. Bd3 Bb7 8. O-O a5 9. Nbd2 O-O 10. e4 d6 11. Re1 h6 12. Nf1 Nc6 13. Qd2 e5 14.
Ne3 Re8 15. d5 Ne7 16. Nh4 Bc8 17. h3 Qc7 18. g4 Ng6 19. Nxg6 fxg6 20. Kg2 Rf8 21.
Rf1 Nh7 22. h4 Qe7 23. Rh1 Rf4 24. f3 Bd7 25. a3 Raf8 26. Be2 h5 27. g5 Rxh4 28.
Nf5 Bxf5 29. Rxh4 Bc8 30. f4 exf4 31. Rxf4 Qxg5+ 0-1

[Event "Early-Titled-Tuesday-Blitz-January-30-2024"]
[Site "Chess.com"]
[Date "2024.01.30"]
[Round "1"]
[White "AnaKuchava"]
[Black "SaqoChess_Twitch"]
[Result "0-1"]
[WhiteElo "2211"]
[BlackElo "2592"]
[TimeControl "180+1"]
[EndTime "8:05:56 PST"]
[Termination "SaqoChess_Twitch won on time"]

1. d4 d5 2. Nf3 e6 3. c4 Nf6 4.
Nc3 Be7 5. Bf4 c5 6. e3 cxd4 7. exd4 O-O 8. Be2 Nc6 9. O-O dxc4 10. Bxc4 Nb4 11. Qe2 Nbd5 12. Bd2 b6 13. Ne5 Bb7 14. Rad1 Rc8 15. Bc1 Nxc3 16. bxc3 Bd5 17. Bxd5 Nxd5 18.
Bb2 Nxc3 19. Qg4 Nd5 20. Rc1 Bf6 21. h3 Qe7 22. Rfd1 Qb7 23. a3 Rxc1 24. Rxc1 Rc8 25. Qd1 Rxc1 26. Qxc1 Bxe5 27. dxe5 h6 28. Qc4 Qc7 29.
Qxc7 Nxc7 30. Kf1 Kf8 31. Ke2 Ke8 32. Kd3 Kd7 33. Kc4 Kc6 34. a4 a6 35. f4 b5+ 36.
axb5+ axb5+ 37. Kd4 Nd5 38. Bc1 g6 39. g4 h5 40. Ke4 hxg4 41. hxg4 Nc3+ 42. Kd3 Na4 43.
f5 Kd5 0-1

[Event "Early-Titled-Tuesday-Blitz-January-30-2024"]
[Site "Chess.com"]
[Date "2024.01.30"]
[Round "1"]
[White "eagleclaw07"]
[Black "BJthechessgod"]
[Result "1-0"]
[WhiteElo "2737"]
[BlackElo "2402"]
[TimeControl "180+1"]
[EndTime "8:05:58 PST"]
[Termination "eagleclaw07 won by checkmate"]

1. d4 d5 2. c4 dxc4 3. Nf3 Nf6 4. e3 e6 5. Bxc4 c5 6. O-O a6 7. b3 Nbd7 8. Bb2 Be7 9. Nbd2 O-O 10. Rc1 b6 11.
Qe2 Bb7 12. Rfd1 Ra7 13. a4 Qa8 14. h3 Rd8 15. Qf1 Ne4 16. Nxe4 Bxe4 17. Nd2 Bc6 18. Bd3 Bf6 19. Nc4 cxd4 20. Bxd4 Bxd4 21. exd4 Bd5 22.
Bb1 b5 23. axb5 axb5 24. Ne5 Bxb3 25. Bxh7+ Kf8 26. Qxb5 Bxd1 27. Qb4+ Ke8 28. Nc6 Nf6 29. Bd3 Rb7 30. Bb5 Rxb5 31. Qe7# 1-0

[Event "Early-Titled-Tuesday-Blitz-January-30-2024"]
[Site "Chess.com"]
[Date "2024.01.30"]
[Round "1"]
[White "Ramosha"]
[Black "tolia123"]
[Result "1-0"]
[WhiteElo "2568"]
[BlackElo "2107"]
[TimeControl "180+1"]
[EndTime "8:05:58 PST"]
[Termination "Ramosha won by checkmate"]

1. e4 c5 2. Nf3 Nc6 3. d4 cxd4 4. Nxd4 g6 5. Nc3 Bg7 6. Be3 Nf6 7. Be2 O-O 8. O-O d5 9. Bf3 dxe4 10. Nxc6 Qxd1 11. Nxe7+ Kh8 12. Rfxd1 exf3 13. Nxc8 Raxc8 14. gxf3 Rfd8 15. Bxa7 Nd7 16. Ne4 Bxb2 17. Rab1 Bg7 18. Rxb7 Ne5 19. Rxd8+ Rxd8 20. Kg2 Rc8 21. Bd4 h5 22. Nd6 Rxc2 23.
Bxe5 Bxe5 24. Nxf7+ Kg8 25. Nxe5 Rxa2 26. Nxg6 Re2 27.
Nf4 Re5 28. h4 Rf5 29. Kg3 Re5 30. Rb6 Rf5 31. Rg6+ Kh7 32. Rg5 Rf6 33. Rxh5+ Kg7 34. Rg5+ Kh7 35. h5 Rf8 36. Ng6 Rf6 37. f4 Rf7 38. Nh4 Rf6 39. Kg4 Rf7 40. Nf5 Rf6 41. f3 Rf7 42. Rg7+ Rxg7+ 43. Nxg7 Kxg7 44. Kg5 Kf7 45. f5 Kg7 46. f4 Kf7 47. f6 Kg8 48. f5 Kf7 49. h6 Kg8 50. Kg6 Kh8 51. Kg5 Kg8 52.
Kf4 Kf7 53. Ke5 Kf8 54. Ke6 Kg8 55. h7+ Kxh7 56. f7 Kg7 57. Ke7 Kh7 58. f6 Kg6 59. f8=Q Kf5 60. Qg7 Ke5 61. f7+ Kd5 62. f8=Q Kc5 63. Qff6 Kb5 64. Qgg5+ Kb4 65. Qff4+ Kb3 66. Qgg3+ Kb2 67. Qff2+ Kb1 68. Qgg1# 1-0

[Event "Early-Titled-Tuesday-Blitz-January-30-2024"]
[Site "Chess.com"]
[Date "2024.01.30"]
[Round "1"]
[White "NowInChess"]
[Black "PolandHussars"]
[Result "0-1"]
[WhiteElo "2273"]
[BlackElo "2616"]
[TimeControl "180+1"]
[EndTime "8:06:03 PST"]
[Termination "PolandHussars won by resignation"]

1. e4 e5 2. Nf3 Nc6 3. d4 exd4 4. Bc4 g6 5. Nxd4 Bg7 6. c3 Nf6 7. f3 O-O 8. Be3 Re8 9. O-O d5 10. exd5 Nxd5 11. Nxc6 bxc6 12. Bf2 Be6 13. Nd2 Nf4 14. Bg3 Bxc4 15. Nxc4 Ne2+ 16. Kf2 Qe7 17. Qd3 Rad8 18. Qe3 Qxe3+ 19. Nxe3 Nxg3 20. hxg3 Rd2+ 21. Kg1 Rxe3 22. Rfe1 Rxe1+ 23. Rxe1 Rxb2 24. Re8+ Bf8 25. Rc8 Rxa2 26. Rxc7 c5 0-1

[Event "Early-Titled-Tuesday-Blitz-January-30-2024"]
[Site "Chess.com"]
[Date "2024.01.30"]
[Round "1"]
[White "GMaka"]
[Black "GOGIEFF"]
[Result "0-1"]
[WhiteElo "2525"]
[BlackElo "2990"]
[TimeControl "180+1"]
[EndTime "8:06:04 PST"]
[Termination "GOGIEFF won on time"]

1. d4 Nf6 2. c4 e6 3. Nf3 b6 4. g3 Ba6 5. b3 Bb4+ 6. Bd2 Be7 7. Bg2 d5 8. Nc3 O-O 9. Ne5 c6 10. O-O dxc4 11. Bg5 cxb3 12. axb3 Bb7 13. e4 h6 14. Be3 Nbd7 15. Nxd7 Qxd7 16. h3 Rfd8 17. Qe2 Bb4 18. Rfc1 c5 19. dxc5 Bxc3 20. Rxc3 Nxe4 21. Bxe4 Bxe4 22. cxb6 axb6 23. Rac1 Bb7 24. Rc7 Qd5 25. Rxb7 Qxb7 26. Qg4 Kh8 27. Bxh6 gxh6 28. Qf4 Kg7 29. Qe5+ Kg8 30. Qf4 Rac8 31. Re1 Kh7 32. Kh2 Rc2 0-1

[Event "Early-Titled-Tuesday-Blitz-January-30-2024"]
[Site "Chess.com"]
[Date "2024.01.30"]
[Round "1"]
[White "CalinGheorghiu"]
[Black "Hongjin"]
[Result "0-1"]
[WhiteElo "2451"]
[BlackElo "2804"]
[TimeControl "180+1"]
[EndTime "8:06:09 PST"]
[Termination "Hongjin won on time"]

1. d4 Nf6 2. Nf3 d5 3. g3 e6 4. Bg2 Be7 5. O-O O-O 6. c4 dxc4 7.
Ne5 c6 8. Nxc4 b5 9. Ne5 Bb7 10.
Nc3 Qb6 11. Bg5 Rd8 12. e3 h6 13. Bxf6 Bxf6 14. Qc2 Nd7 15. f4 Rac8 16. b4 a5 17. a3 Be7 18. Rab1 axb4 19. axb4 Nf6 20. f5 exf5 21.
Rxf5 Ra8 22. Ne4 Nxe4 23. Bxe4 Bf6 24. Rbf1 Bxe5 25. Rxe5 Re8 26. Rxe8+ Rxe8 27. Bh7+ Kf8 28. Bg6 Re7 29. Qf5 Qc7 30. Qc5 Kg8 31. Bh5 Bc8 32. e4 g6 33. Bf3 Bh3 34. Ra1 Kg7 35. e5 Qd8 36. Qd6 Rd7 37. Qxc6 Rxd4 38. Qxb5 Qg5 39. Qe2 Qe7 40. Rd1 Qxb4 41. Rxd4 Qxd4+ 0-1

[Event "Early-Titled-Tuesday-Blitz-January-30-2024"]
[Site "Chess.com"]
[Date "2024.01.30"]
[Round "1"]
[White "ferrufino64"]
[Black "yaguigor"]
[Result "0-1"]
[WhiteElo "2226"]
[BlackElo "2598"]
[TimeControl "180+1"]
[EndTime "8:06:09 PST"]
[Termination "yaguigor won by resignation"]

1. d4 d5 2. Nf3 Nf6 3. e3 c5 4.
c3 cxd4 5. exd4 Nc6 6. Bf4 Bf5 7.
Qb3 Qc8 8. Bb5 Bd7 9. Nbd2 e6 10.
O-O Be7 11. Bd3 O-O 12. Ne5 Nh5 13. Nxc6 Bxc6 14. Be3 Bd6 15. Qd1 Nf4 16. Bxf4 Bxf4 17. Nf3 Qc7 18. Qe2 g6 19. Rae1 a6 20. g3 Bd6 21. Ne5 Rae8 22. f4 f6 23. Nf3 Qg7 24.
Qe3 Kh8 25. Rf2 Qh6 26. Rfe2 Re7 27. f5 Qxe3+ 28. Rxe3 e5 29. dxe5 fxe5 30. Nxe5 Bc5 31. Kf1 Bxe3 32. Rxe3 Rfe8 0-1

[Event "Early-Titled-Tuesday-Blitz-January-30-2024"]
[Site "Chess.com"]
[Date "2024.01.30"]
[Round "1"]
[White "PattyCastillo"]
[Black "grunbergmihai"]
[Result "0-1"]
[WhiteElo "1998"]
[BlackElo "2561"]
[TimeControl "180+1"]
[EndTime "8:06:09 PST"]
[Termination "grunbergmihai won on time"]

1. d4 c5 2. e3 e6 3. Nf3 Nf6 4.
Bd3 Nc6 5. b3 Be7 6. Bb2 O-O 7.
O-O b6 8. Nbd2 Bb7 9. a3 Rc8 10. Qe2 Qc7 11. c4 cxd4 12. exd4 d5 13. Rac1 dxc4 14.
bxc4 Qb8 15. Ne5 Rfd8 16. Ndf3 Nxe5 17. Nxe5 Qa8 18. f3 Nd7 19. Rfd1 Nxe5 20. dxe5 g6 21. Kh1 Bc5 22. Qe1 Bd4 23. Bc3 Bxf3 24. Bxd4 Bxg2+ 25. Kg1 Rxd4 26. Qf2 Rcd8 27. Qxg2 Qxg2+ 28. Kxg2 Rxd3 29. Rxd3 Rxd3 30. a4 Ra3 31. c5 bxc5 32. Rxc5 Rxa4 33.
Kf3 h5 34. Rc8+ Kg7 35. Rc5 a5 36. Kg3 g5 37. h3 Kg6 38. Rc7 Ra3+ 39. Kg2 a4 40.
Ra7 Re3 0-1

[Event "Early-Titled-Tuesday-Blitz-January-30-2024"]
[Site "Chess.com"]
[Date "2024.01.30"]
[Round "1"]
[White "aa175"]
[Black "KorolDimitriy75"]
[Result "1-0"]
[WhiteElo "2681"]
[BlackElo "2357"]
[TimeControl "180+1"]
[EndTime "8:06:10 PST"]
[Termination "aa175 won by resignation"]

1. d4 Nf6 2. Bf4 c5 3. e3 Qb6 4.
Nc3 Qxb2 5. Nb5 Nd5 6. a3 Nc3 7. Nc7+ Kd8 8. Qc1 Qxc1+ 9. Rxc1 e5 10. Bxe5 d6 11. Nxa8 dxe5 12. Nf3 cxd4 13. Nxe5 Be6 14. exd4 Bxa3 15. Ra1 Bb4 16. Nd3 Nd5+ 17. Nxb4 Nxb4 18. Rxa7 Nxc2+ 19. Kd2 Nxd4 20. Rxb7 Kc8 21. Rc7+ Kd8 22. Bc4 Bxc4 23. Rxc4 Nbc6 24. Nb6 Kc7 25. Nd5+ Kd6 26. Nb4 Rb8 27. Nxc6 Nxc6 28. Rhc1 Ne5 29. Rd4+ Ke6 30. Rc2 f6 31. Ra4 Rb7 32. Ra6+ Kf5 33. Ke2 h5 34. f3 g6 35. Kf2 Rf7 36. Kg3 g5 37. h4 Rg7 38.
hxg5 Rxg5+ 39. Kh3 Kg6 40. f4 Rf5 41. fxe5 Rxe5 42. Rf2 1-0

[Event "Early-Titled-Tuesday-Blitz-January-30-2024"]
[Site "Chess.com"]
[Date "2024.01.30"]
[Round "1"]
[White "bubeliang"]
[Black "Quattroporte300"]
[Result "1-0"]
[WhiteElo "2782"]
[BlackElo "2434"]
[TimeControl "180+1"]
[EndTime "8:06:12 PST"]
[Termination "bubeliang won on time"]

1. e4 c5 2. c3 d5 3. exd5 Qxd5 4. d4 Nf6 5. Nf3 e6 6. Na3 Nc6 7. Be3 cxd4 8. Nb5 Qd8 9. Nbxd4 Nxd4 10. Bxd4 Be7 11.
Bd3 O-O 12. O-O Bd7 13. Ne5 g6 14. Qf3 Nd5 15. Be4 Bc6 16. Rad1 Qc7 17. Nxc6 bxc6 18.
c4 Nf4 19. Bxc6 Ne2+ 20. Qxe2 Qxc6 21. b3 f6 22. Rfe1 e5 23. Ba1 Bb4 24. Rf1 Rfd8 25.
Rxd8+ Rxd8 26. Rd1 Rd7 27. h3 Kf7 28. Qf3 Qxf3 29.
Rxd7+ Ke6 30. gxf3 Kxd7 31. Kf1 Ke6 32. Ke2 f5 33. Bb2 a6 34. a3 Bc5 35. b4 Ba7 36. Bc1 Bd4 37. Be3 Bb2 38. a4 Kd6 39. b5 axb5 40. cxb5 Bc3 41. Kd3 Ba5 42. Bd2 Bd8 43.
Kc4 Bb6 44. Bb4+ Kd7 45. Bc5 Ba5 46. Kd5 Bc3 47. b6 e4 48. fxe4 fxe4 49. Bd6 e3 50.
fxe3 Ba5 51. b7 1-0

[Event "Early-Titled-Tuesday-Blitz-January-30-2024"]
[Site "Chess.com"]
[Date "2024.01.30"]
[Round "1"]
[White "Incognito_Knight"]
[Black "unclear15"]
[Result "1-0"]
[WhiteElo "2741"]
[BlackElo "2404"]
[TimeControl "180+1"]
[EndTime "8:06:13 PST"]
[Termination "Incognito_Knight won by resignation"]

1. e4 c5 2. Nf3 d6 3. d4 cxd4 4. Nxd4 Nf6 5. Nc3 a6 6. Be2 e5 7.
Nb3 Be7 8. Bg5 Nbd7 9. a4 O-O 10.
O-O b6 11. Bc4 Bb7 12. Nd2 Rc8 13.
Qe2 Nc5 14. Bxf6 Bxf6 15. Bd5 Bg5 16. Bxb7 Nxb7 17. Nf3 Rxc3 18. bxc3 Nc5 19. Rfd1 Bf6 20. Nd2 Qc7 21. Nc4 Ne6 22. Nxd6 Qxc3 23. Qc4 Qa5 24. Nb7 b5 25. Qxe6 Qc7 26. Qd5 Qxc2 27. axb5 axb5 28. Nc5 h6 29. Nd7 Rc8 30. Nxf6+ gxf6 31. g3 1-0

[Event "Early-Titled-Tuesday-Blitz-January-30-2024"]
[Site "Chess.com"]
[Date "2024.01.30"]
[Round "1"]
[White "Alenzer"]
[Black "FREDERICKtheMATE"]
[Result "0-1"]
[WhiteElo "2140"]
[BlackElo "2573"]
[TimeControl "180+1"]
[EndTime "8:06:14 PST"]
[Termination "FREDERICKtheMATE won on time"]

1. e4 c5 2. Nf3 Nc6 3. d4 cxd4 4. Nxd4 Nf6 5. Nc3 e5 6. Ndb5 d6 7. Bg5 a6 8. Na3 b5 9. Nd5 Be7 10. Bxf6 Bxf6 11. c3 O-O 12. Nc2 Rb8 13.
a4 bxa4 14. Ncb4 Nxb4 15. Nxb4 Bb7 16. Bd3 a5 17. Nc2 d5 18. exd5 Qxd5 19. Ne3 Qc6 20.
Qxa4 Qb6 21. Qb5 Qxb5 22. Bxb5 Bxg2 23. Nxg2 Rxb5 24. O-O-O Rfb8 25. Rd2 Bg5 26. Ne3 a4 27.
h4 Bf4 28. Rhd1 g6 29. Kb1 Kg7 30. Ka2 Rb3 31. Rg1 a3 32. h5 Rxb2+ 33. Rxb2 Rxb2+ 34. Ka1 Rxf2 35. Nf5+ Kf6 36. Nd6 Re2 37. hxg6 hxg6 38. Nb5 a2 39. Na3 Bd2 40. c4 Re1+ 41. Rxe1 Bxe1 42.
Kxa2 g5 43. Nc2 Bf2 44. Kb3 g4 45. Kc3 g3 46. Kd3 g2 0-1

[Event "Early-Titled-Tuesday-Blitz-January-30-2024"]
[Site "Chess.com"]
[Date "2024.01.30"]
[Round "1"]
[White "whitemirrorninja"]
[Black "stollenmonster"]
[Result "0-1"]
[WhiteElo "2501"]
[BlackElo "2902"]
[TimeControl "180+1"]
[EndTime "8:06:15 PST"]
[Termination "stollenmonster won by resignation"]

1. e4 c5 2. Nf3 Nf6 3. Nc3 d5 4.
exd5 Nxd5 5. Bb5+ Bd7 6. Bxd7+ Qxd7 7. Nxd5 Qxd5 8. d4 Nc6 9. Be3 cxd4 10. Nxd4 Qxg2 11. Rf1 O-O-O 12. Qf3 Qxf3 13. Nxf3 e5 14. c3 Be7 15. Rd1 Rxd1+ 16. Kxd1 f5 17. Rg1 g6 18. Kc2 e4 19. Nd2 Rf8 20. f4 Kd7 21. b4 a6 22.
Nc4 Ke6 23. a4 Rc8 24. Nb6 Rd8 25. Rd1 Rxd1 26. Kxd1 Nb8 27. Kc2 Nd7 28. Nc4 Kd5 29. Kb3 h6 30. Na5 b5 31. axb5 axb5 32. c4+ bxc4+ 33.
Nxc4 g5 34. Bc1 g4 35. Ne3+ Ke6 36. Kc4 Nb6+ 37. Kb5 Nd5 38. Nxd5 Kxd5 39. Be3 h5 40.
Ka6 Bxb4 41. Kb7 Bc5 42. Bd2 e3 43. Be1 e2 44. Ka6 Kc4 45. Ka5 Bg1 46. Bg3 Bxh2 47. Be1 Bxf4 0-1

[Event "Early-Titled-Tuesday-Blitz-January-30-2024"]
[Site "Chess.com"]
[Date "2024.01.30"]
[Round "1"]
[White "Polish_fighter3000"]
[Black "Defend1r"]
[Result "1-0"]
[WhiteElo "3050"]
[BlackElo "2535"]
[TimeControl "180+1"]
[EndTime "8:06:16 PST"]
[Termination "Polish_fighter3000 won by resignation"]

1. e4 c5 2. Nf3 d6 3. d4 cxd4 4. Nxd4 Nf6 5. Nc3 a6 6. Bg5 e6 7. f4 Nbd7 8. Qf3 h6 9. Bh4 e5 10. Bxf6 Qxf6 11. Nd5 Qd8 12. Ne6 Qa5+ 13. b4 fxe6 14.
bxa5 exd5 15. Qh5+ Kd8 16. O-O-O d4 17. Bc4 Be7 18.
fxe5 dxe5 19. c3 b5 20. axb6 Rb8 21. cxd4 Rxb6 22. Bb3 Ba3+ 23. Kb1 a5 24. dxe5 a4 25.
e6 axb3 26. exd7 Bb7 27. Rd4 bxa2+ 28. Kxa2 Bb2 29. Rc4 Ke7 30. Qc5+ Rd6 31. Kxb2 Rb8 32. e5 1-0

[Event "Early-Titled-Tuesday-Blitz-January-30-2024"]
[Site "Chess.com"]
[Date "2024.01.30"]
[Round "1"]
[White "JACK_BAU3R"]
[Black "RandomNoob04"]
[Result "0-1"]
[WhiteElo "2064"]
[BlackElo "2567"]
[TimeControl "180+1"]
[EndTime "8:06:16 PST"]
[Termination "RandomNoob04 won by resignation"]

1. d4 Nf6 2. c3 d5 3. Bf4 c5 4. e3 Nc6 5. Bd3 Qb6 6. Qc1 Bg4 7. Nd2 e6 8. Ngf3 Rc8 9. Rb1 Be7 10. h3 Bh5 11.
O-O O-O 12. Re1 Bg6 13. Bxg6 hxg6 14. Qd1 Qa6 15. a3 b5 16. Qe2 Qb6 17. Ne5 Nxe5 18. Bxe5 Nd7 19. Bg3 a5 20. dxc5 Bxc5 21. e4 Nf6 22. Bh4 Nxe4 23. Nxe4 dxe4 24. Qxe4 b4 25. axb4 axb4 26. cxb4 Bxb4 27. Red1 Bc5 28. Bg3 Rfd8 29. Rxd8+ Rxd8 30. b4 Bd6 31. Bxd6 Rxd6 32. b5 Rd5 33. Qc4 Rc5 34. Qd3 Rf5 35. Rb2 Rd5 36. Qc2 Rxb5 37. Qc8+ Kh7 38. Rxb5 Qxb5 39. Qf8 Qb1+ 40. Kh2 Qf5 41. f3 e5 42. Qb4 Qf4+ 43. Qxf4 exf4 44. h4 Kh6 45. Kh3 Kh5 46. g4+ fxg3 47. Kxg3 g5 48.
hxg5 Kxg5 0-1

[Event "Early-Titled-Tuesday-Blitz-January-30-2024"]
[Site "Chess.com"]
[Date "2024.01.30"]
[Round "1"]
[White "Oleksandr_Bortnyk"]
[Black "Chessdreamer2020"]
[Result "1-0"]
[WhiteElo "3106"]
[BlackElo "2543"]
[TimeControl "180+1"]
[EndTime "8:06:17 PST"]
[Termination "Oleksandr_Bortnyk won by resignation"]

1. e4 c6 2. d4 d5 3. Nc3 dxe4 4. Nxe4 Nf6 5. Nxf6+ exf6 6. c3 g6 7. h4 h5 8. Bc4 Bg7 9. Qc2 Qe7+ 10. Be3 Be6 11.
Bb3 Na6 12. Ne2 Nc7 13. Nf4 Bf5 14. Qe2 Ne6 15. Nd3 Bh6 16. Bxe6 Qxe6 17. Bxh6 Qxe2+ 18. Kxe2 Bxd3+ 19. Kxd3 Rxh6 20. Rae1+ Kd7 21. Re3 Re8 22. Rxe8 Kxe8 23. a4 Kd7 24. a5 Rh8 25. Re1 Rg8 26.
g3 g5 27. Re4 Rg6 28. Kc4 b6 29. b4 Rg8 30. a6 Kd6 31. b5 cxb5+ 32. Kxb5 Kd5 33.
Re7 gxh4 34. gxh4 Rg1 35. Rd7+ Ke6 36. Rxa7 Rb1+ 37. Kc6 f5 38. d5+ Ke5 39. Rxf7 1-0

[Event "Early-Titled-Tuesday-Blitz-January-30-2024"]
[Site "Chess.com"]
[Date "2024.01.30"]
[Round "1"]
[White "giovannibrandao7"]
[Black "JoachimBN"]
[Result "0-1"]
[WhiteElo "2155"]
[BlackElo "2578"]
[TimeControl "180+1"]
[EndTime "8:06:17 PST"]
[Termination "JoachimBN won by resignation"]

1. e4 c5 2. Nf3 g6 3. d4 cxd4 4. Nxd4 Bg7 5. Nc3 Nc6 6. Be3 Nf6 7.
Be2 O-O 8. O-O d5 9. exd5 Nxd5 10. Nxd5 Qxd5 11. Bf3 Qa5 12. Nxc6 bxc6 13. c3 Rd8 14. Qe2 Ba6 15. c4 Rab8 16. Bxa7 Rb7 17. Be3 Rxb2 18. Qe1 Bc3 19. Qc1 Bxc4 20. Rd1 Bd5 21.
Bxd5 cxd5 22. Bd4 Bxd4 23. Rxd4 Rxa2 24. Rxa2 Qxa2 25. h3 e5 26. Qc7 Qa1+ 27. Kh2 Qxd4 28. Qxd8+ Kg7 0-1